Map: Dusk Towers

Players

BunnyWillis - Winner!

  • Race: Terran Terran
  • League: Grandmaster

CZH

  • Race: Terran Terran
  • League: Master

VOD

Have the link to the VOD?

Description

Time

  • Played on: Nov. 22, 2015, 12:22 a.m.
  • Length: 16:35
Show
View Real Time Build Order
Export as new Build Order

BunnyWillis Terran - Winner!

Build Orders: Bio Tank 

Get SALT Encoding   

  12  0:01  SCV  
  13  0:13  SCV  
  14  0:17  Supply Depot  
  14  0:25  SCV  
  15  0:39  SCV  
  15  0:40  Refinery  
  16  0:44  Barracks  
  16  0:51  SCV  
  17  1:03  SCV  
  18  1:15  SCV  
  19  1:30  Refinery  
  19  1:31  Orbital Command  
  19  1:32  Marine  
  20  1:43  Supply Depot  
  20  1:48  Factory  
  20  1:50  Marine  
  21  1:58  SCV  
  22  2:08  Barracks Reactor  
  22  2:10  SCV  
  23  2:22  SCV  
  24  2:35  Supply Depot, Widow Mine  
  26  2:37  Starport  
  26  2:41  SCV  
  27  2:44  Marine x2  
  29  2:53  SCV  
  30  3:02  Marine x2  
  30  3:04  Factory Tech Lab  
  32  3:09  SCV  
  32  3:12  Supply Depot  
  33  3:14  Medivac  
  35  3:20  Marine x2  
  35  3:21  SCV  
  38  3:27  Supply Depot  
  38  3:34  Siege Tank  
  41  3:37  Marine  
  41  3:38  Marine  
  43  3:45  SCV  
  43  3:46  Command Center  
  44  3:53  Medivac  
  46  3:55  Marine x2  
  46  4:00  SCV  
  49  4:08  Siege Tank  
  51  4:14  Supply Depot  
  51  4:16  SCV  
  52  4:19  Marine  
  52  4:24  Marine  
  54  4:28  SCV  
  55  4:35  Supply Depot  
  55  4:36  Medivac  
  55  4:48  Marine x2  
  55  4:49  Siege Tank  
  55  4:50  SCV  
  53  4:59  Orbital Command  
  53  5:02  SCV  
  53  5:06  Marine x2  
  56  5:09  Medivac  
  58  5:15  SCV  
  59  5:21  Siege Tank  
  59  5:25  SCV  
  59  5:27  SCV  
  64  5:29  Barracks  
  64  5:32  Barracks  
  64  5:37  SCV  
  64  5:39  SCV  
  64  5:41  Barracks Tech Lab  
  67  5:50  SCV  
  67  5:51  SCV  
  63  5:59  Marine  
  63  6:02  SCV  
  53  6:04  Stimpack  
  53  6:05  Siege Tank  
  53  6:08  SCV  
  53  6:11  Starport Reactor  
  57  6:14  SCV  
  57  6:15  Command Center  
  57  6:16  Engineering Bay  
  57  6:17  Marine  
  57  6:18  Barracks Reactor  
  56  6:23  SCV  
  57  6:26  SCV  
  57  6:28  Marine x2  
  60  6:34  Marine  
  60  6:35  Refinery  
  60  6:36  Refinery  
  60  6:39  SCV x2  
  63  6:43  Supply Depot x2  
  63  6:46  Siege Tank, Marine x2  
  68  6:51  SCV x2  
  68  6:52  Marine  
  71  7:00  Marine  
  71  7:01  Marine  
  73  7:04  Marine x2  
  73  7:07  SCV  
  73  7:08  SCV  
  77  7:09  Terran Infantry Weapons Level 1  
  77  7:19  Marine x2  
  77  7:20  Barracks  
  77  7:21  Barracks  
  77  7:22  Marine x2  
  82  7:23  Barracks  
  82  7:26  Medivac x2  
  82  7:27  SCV  
  82  7:28  SCV  
  87  7:32  Orbital Command  
  86  7:39  SCV  
  86  7:43  Marine x2  
  86  7:44  Siege Tank, Marine x3  
  89  7:46  SCV  
  95  7:51  SCV  
  95  7:52  Supply Depot  
  96  8:00  Medivac  
  96  8:01  Medivac  
  96  8:02  SCV  
  96  8:03  SCV  
  102  8:08  Combat Shields  
  102  8:09  Barracks Reactor  
  102  8:10  Barracks Reactor x2, Marine x2  
  102  8:11  Marine x2  
  106  8:13  Marine  
  106  8:17  Orbital Command  
  104  8:28  Marine x2  
  106  8:36  Marine x3  
  106  8:37  Siege Tank  
  106  8:39  SCV  
  113  8:46  Marine  
  105  8:49  Marine x3  
  105  8:50  Marine  
  105  8:51  SCV x2  
  108  8:58  Marine  
  108  8:59  Marine x3  
  108  9:00  Medivac x2  
  116  9:03  Terran Infantry Armor Level 1  
  116  9:05  Armory  
  116  9:08  Engineering Bay  
  116  9:09  Hellion, Refinery  
  121  9:16  Marine  
  122  9:17  Marine x3  
  122  9:19  Marine x3  
  125  9:24  Supply Depot x2  
  125  9:25  Supply Depot  
  125  9:26  Supply Depot  
  125  9:40  Command Center  
  125  9:42  Marine x5  
  125  9:43  SCV x3  
  133  9:45  Marine x3  
  133  9:52  Marine x3  
  137  9:55  SCV x3  
  142  10:00  Marine x5  
  141  10:08  SCV  
  141  10:15  Marine x4  
  141  10:16  Marine x2  
  141  10:18  Siege Tank, Marine x2  
  141  10:20  Terran Infantry Weapons Level 2  
  149  10:24  Refinery, Marine x3  
  152  10:33  Marine x5  
  157  10:37  Medivac x2  
  157  10:38  Marine  
  157  10:39  Marine x2  
  157  10:42  Marine  
  165  10:45  Supply Depot  
  165  10:47  Marine x2  
  150  10:50  Siege Tank, Marine  
  150  10:51  Marine x4  
  150  10:56  Marine  
  121  10:57  Marine x2  
  121  10:59  Marine  
  122  11:04  Marine x2  
  122  11:08  Marine x2  
  122  11:09  Marine x3  
  129  11:14  Marine  
  129  11:15  Terran Infantry Armor Level 2, Marine x2  
  129  11:18  Terran Vehicle Weapons Level 1  
  132  11:21  Marine  
  132  11:22  Siege Tank, Marine x2  
  138  11:26  Marine  
  138  11:28  Planetary Fortress  
  139  11:33  Marine  
  139  11:34  Sensor Tower  
  139  11:37  SCV  
  139  11:39  Marine  
  139  11:40  Marine x4  
  139  11:43  Marine x4  
  146  11:52  Marine  
  146  11:53  Marine  
  126  11:57  Marine x2  
  126  11:58  Marine x3  
  126  12:00  Siege Tank  
  131  12:06  Marine  
  109  12:10  Marine  
  101  12:16  Marine x2  
  101  12:17  Marine x4  
  101  12:18  Marine x3  
  107  12:26  Marine  
  107  12:28  Marine  
  103  12:34  Marine x2  
  103  12:35  Marine x5  
  103  12:36  Marine  
  103  12:37  Terran Infantry Weapons Level 3  
  108  12:41  Marine  
  108  12:43  Marine  
  107  12:46  Marine  
  105  12:51  Marine  
  105  12:52  Marine  
  105  12:53  Marine x2  
  109  13:01  Marine x6  
  109  13:02  Siege Tank  
  109  13:04  Marine  
  114  13:09  Marine x2  
  114  13:10  Marine  
  110  13:15  Marine  
  110  13:18  Marine, Medivac x2  
  102  13:30  Marine  
  102  13:31  Marine x2  
  102  13:32  Terran Infantry Armor Level 3, Marine  
  102  13:33  Marine x2  
  100  13:34  Siege Tank, Marine  
  100  13:38  Marine x3  
  107  13:47  Marine  
  108  13:48  Marine x2  
  108  13:49  Marine  
  108  13:52  Marine  
  108  13:53  Terran Vehicle Weapons Level 2, Marine x2  
  108  13:54  Marine  
  115  14:01  Marine x2  
  115  14:02  Marine  
  118  14:04  Marine  
  118  14:06  Marine x3  
  117  14:10  Marine  
  117  14:11  Marine x2  
  117  14:12  Marine  
  121  14:19  Marine  
  121  14:20  Siege Tank, Marine x2  
  121  14:21  Medivac x2  
  121  14:22  Marine  
  132  14:24  Marine x3  
  132  14:29  Marine x4  
  139  14:37  Marine x2  
  139  14:38  Marine  
  142  14:40  Marine  
  142  14:42  Marine x3  
  146  14:47  Marine x4  
  146  14:49  Command Center  
  149  14:55  Marine x3  
  149  14:58  Marine  
  149  14:59  Marine  
  153  15:00  Marine x2  
  153  15:04  Marine  
  153  15:05  Marine x3  
  159  15:13  Marine x3  
  142  15:16  Marine  
  142  15:17  Marine x2  
  142  15:18  Marine  
  126  15:22  Marine  
  126  15:23  Marine x3  
  124  15:31  Marine x3  
  124  15:33  Marine  
  124  15:35  Marine x3  
  128  15:39  Siege Tank, Medivac x2  
  128  15:40  Marine  
  128  15:41  Marine x3  
  142  15:49  Marine x3  
  145  15:51  Marine  
  145  15:53  Marine x3  
  149  15:58  Marine x2  
  149  15:59  Marine x2  
  153  16:06  Marine x2  
  153  16:07  Marine  
  153  16:09  Marine  
  153  16:11  Marine x3  
  165  16:16  Marine x4  
Show
View Real Time Build Order
Export as new Build Order

CZH Terran 

Build Orders: Bio Tank 

Get SALT Encoding   

  12  0:01  SCV  
  13  0:13  SCV  
  14  0:17  Supply Depot  
  14  0:25  SCV  
  15  0:39  SCV  
  15  0:42  Barracks  
  16  0:44  Refinery  
  16  0:51  SCV  
  17  1:03  SCV  
  18  1:15  SCV  
  19  1:28  Orbital Command  
  19  1:29  Reaper  
  19  1:31  Supply Depot  
  20  1:33  Refinery  
  20  1:54  SCV  
  21  2:02  Barracks Reactor  
  21  2:06  SCV  
  22  2:12  Factory  
  22  2:18  SCV  
  23  2:26  Command Center  
  23  2:30  SCV  
  24  2:39  Marine x2  
  24  2:42  Supply Depot  
  26  2:44  SCV  
  27  2:57  Starport  
  27  3:03  Barracks Tech Lab  
  27  3:04  Hellion  
  29  3:09  Hellion  
  29  3:12  SCV  
  32  3:20  Supply Depot  
  32  3:29  SCV  
  33  3:39  Marine x2  
  35  3:41  SCV  
  35  3:42  Raven  
  35  3:45  Factory Tech Lab  
  35  3:46  Orbital Command  
  38  4:00  SCV  
  38  4:02  Marine x2  
  41  4:05  Siege Tank  
  43  4:13  SCV x2  
  45  4:20  Marine x2  
  47  4:26  Viking  
  49  4:32  SCV x2  
  49  4:35  Supply Depot  
  49  4:37  Engineering Bay  
  50  4:49  SCV x2  
  50  4:52  Marine x2  
  52  4:58  Barracks  
  54  5:01  SCV x2  
  54  5:03  Barracks  
  56  5:10  Marine  
  56  5:11  Siege Tank, Marine  
  61  5:14  Terran Infantry Weapons Level 1  
  61  5:15  Supply Depot  
  61  5:20  SCV x2  
  63  5:26  Medivac  
  65  5:33  Refinery  
  65  5:34  Supply Depot  
  65  5:43  Supply Depot  
  64  5:51  Marine x3  
  59  5:58  SCV  
  52  6:08  SCV  
  53  6:12  Marine x4  
  53  6:15  Siege Tank, Starport Reactor  
  60  6:21  SCV  
  60  6:23  Supply Depot  
  61  6:26  Barracks  
  61  6:27  Stimpack, Barracks  
  63  6:33  Barracks Reactor, Marine x2  
  63  6:34  Marine  
  63  6:38  SCV x2  
  66  6:53  Marine x3  
  69  6:54  Siege Tank, Medivac x2  
  69  7:00  Supply Depot  
  76  7:02  Supply Depot  
  76  7:07  SCV x2  
  78  7:10  Marine x2  
  78  7:12  Marine  
  78  7:13  Marine  
  78  7:14  Terran Infantry Armor Level 1  
  83  7:18  Barracks Reactor x2  
  83  7:22  Marine  
  82  7:26  Supply Depot  
  83  7:31  Refinery  
  83  7:33  Command Center, Supply Depot, Missile Turret  
  83  7:35  Marine x4  
  87  7:37  Missile Turret  
  87  7:40  Missile Turret, Marine  
  88  7:46  Siege Tank  
  91  7:53  Marine  
  91  7:54  Marine x3  
  91  7:55  Marine x3  
  98  8:03  Medivac x2  
  99  8:13  Marine x5  
  99  8:15  SCV  
  100  8:22  Marine x3  
  100  8:23  Marine  
  104  8:29  Siege Tank  
  104  8:30  Marine  
  108  8:34  SCV x2  
  90  8:51  Marine  
  90  8:52  Marine x7  
  98  9:01  Medivac x2  
  98  9:02  Combat Shields  
  102  9:14  Marine x3  
  102  9:15  Marine x3  
  108  9:21  SCV  
  108  9:22  SCV  
  110  9:26  Orbital Command  
  110  9:34  SCV x2  
  110  9:36  Marine x4  
  115  9:46  SCV  
  115  9:47  SCV  
  115  9:51  Siege Tank, Medivac x2  
  124  9:55  Marine x4  
  124  9:58  SCV  
  124  9:59  SCV  
  125  10:19  SCV x2, Marine  
  125  10:20  Marine x8  
  136  10:24  Siege Tank  
  139  10:28  Engineering Bay  
  139  10:29  Armory  
  139  10:37  Medivac x2, Marine  
  139  10:38  SCV x3  
  139  10:40  Supply Depot  
  139  10:41  Supply Depot  
  126  10:52  Marine x5  
  126  10:53  Marine x2  
  114  11:05  Marine  
  114  11:06  Marine  
  114  11:10  Marine x2  
  118  11:11  Medivac x2  
  122  11:20  Marine x5  
  122  11:23  Marine x2  
  129  11:28  SCV x2, Marine x2  
  129  11:29  SCV  
  134  11:38  Marine x3  
  137  11:43  Marine x4  
  137  11:45  Marine  
  137  11:46  Marine  
  143  11:53  SCV x2  
  143  11:58  Marine  
  143  11:59  Siege Tank, Medivac  
  143  12:00  Medivac  
  151  12:07  Marine  
  151  12:08  Marine x5  
  133  12:20  Marine x3  
  136  12:25  Marine x2  
  121  12:30  Terran Infantry Weapons Level 2, Terran Infantry Armor Level 2  
  121  12:31  Siege Tank, Terran Vehicle Weapons Level 1  
  121  12:36  Marine x2  
  121  12:37  Marine x3  
  121  12:38  Marine x2  
  121  12:43  Marine  
  119  12:56  Marine x6  
  119  12:57  Marine x2  
  123  13:06  Marine  
  114  13:14  Marine x2  
  111  13:30  Marine x2  
  111  13:31  Marine x6  
  112  13:44  Marine  
  112  13:48  Marine x4  
  109  13:49  Medivac x2, Siege Tank, Marine  
  109  13:50  SCV x2  
  109  13:52  Command Center  
  109  13:55  Supply Depot  
  123  14:15  Marine x4  
  123  14:16  Marine x5  
  132  14:17  SCV x2  
  132  14:23  Factory  
  134  14:28  Siege Tank  
  137  14:36  Barracks  
  137  14:37  Barracks  
  137  14:38  Barracks  
  137  14:39  Marine x6  
  137  14:40  Marine x2  
  142  15:00  SCV x2  
  143  15:11  SCV, Marine  
  143  15:12  SCV x2, Marine x8  
  147  15:20  Siege Tank, Medivac  
  123  15:23  SCV  
  123  15:24  SCV x2  
  116  15:29  Marine x3  
  116  15:30  Marine  
  116  15:33  Marine x4  
  116  15:34  Marine  
  116  15:35  Marine x2  
  127  15:47  Marine  
  128  15:51  Command Center  
  128  16:01  Marine x5  
  133  16:13  Marine x4  
Tags
 
Composition
Bio TankBio Tank
Matchup
TvT
Race
Terran
Replay Pack
REPS
Add a new tag
Caveats
  • Supply blocks, unpowered buildings, or Contaminate may cause inaccurate times.
  • Supply counts are checked every 10 seconds.